 Dungeon Crawl Stone Soup version 0.28-a0-1312-g71652a0310 (webtiles) character file.

Game seed: 3911168828084301302

10225 browni3141 the Basher (level 11, 0/64 HPs)
             Began as a Formicid Gladiator on Dec 27, 2021.
             Was an Elder of Okawaru.
             Slain by a brown very ugly thing (15 damage)
             ... on level 2 of the Abyss.
             The game lasted 00:25:51 (13969 turns).

browni3141 the Basher (Formicid Gladiator)         Turns: 13969, Time: 00:25:51

Health: 0/64       AC: 13    Str: 24    XL:     11   Next: 89%
Magic:  16/16      EV:  8    Int:  7    God:    Okawaru [****..]
Gold:   757        SH:  0    Dex: 12    Spells: 10/10 levels left

rFire   + + +      SeeInvis +   B - +2 whip (elec)
rCold   x . .      Faith    .   (no shield)
rNeg    . . .      Spirit   .   I - +4 crystal plate armour
rPois   +          Reflect  .   (helmet unavailable)
rElec   .          Harm     .   A - scarf {rC+ rF+}
rCorr   +          Rampage  .   J - +0 pair of gloves of Morality {Slay+3}
Will    +....                   y - +1 pair of boots
Stlth   ..........              H - amulet of Ullis {rPois rF+ rC- Regen+ rCorr}
HPRegen 1.00/turn               C - ring of fire
MPRegen 0.15/turn               x - ring of protection from fire

@: heroic, corroded, unable to read
A: permanent stasis, dig shafts and tunnels, antennae 3, four strong arms,
[deformed body], [frail 2], [inability to read while threatened]
a: Dig, Shaft Self, Renounce Religion, Heroism, Finesse


You were on level 2 of the Abyss.
You worshipped Okawaru.
Okawaru was greatly pleased with you.
You visited 3 branches of the dungeon, and saw 11 of its levels.
You visited the Abyss 1 time.
You also visited: Bailey and Volcano.

You collected 757 gold pieces.

Inventory:

Hand Weapons
 a - a +0 flail
 B - a +2 whip of electrocution (weapon)
 F - a +0 halberd
Missiles
 L - 4 javelins
 M - 2 throwing nets (quivered)
Armour
 b - a +0 leather armour
 i - a +0 scale mail
 v - a +0 chain mail
 w - a +0 plate armour
 y - a +1 pair of boots (worn)
 A - a scarf of resistance (worn)
 I - a +4 crystal plate armour (worn)
 J - the +0 pair of gloves of Morality (worn) {Slay+3}
   (You found it in a bailey)

   Slay:      It affects your accuracy & damage with ranged weapons and melee
   (+3).
Jewellery
 q - a ring of ice
 s - an amulet of magic regeneration
 x - a ring of protection from fire (right hand)
 C - a ring of fire (left hand)
 H - the amulet of Ullis (around neck) {rPois rF+ rC- Regen+ rCorr}
   (You took it off an orc warrior in a bailey)

   [amulet of regeneration]

   rF:        It protects you from fire.
   rC:        It makes you vulnerable to cold.
   rPois:     It protects you from poison.
   Regen:     It increases your rate of health regeneration.
   rCorr:     It protects you from acid and corrosion.
Wands
 c - a wand of digging (9)
Scrolls
 e - a scroll of blinking
 h - 2 scrolls of vulnerability
 j - a scroll of enchant weapon {unknown}
 k - a scroll of noise {unknown}
 l - a scroll of amnesia {unknown}
 o - 2 scrolls of summoning
 p - 2 scrolls of immolation {unknown}
 r - 3 scrolls of fog {unknown}
 u - a scroll of magic mapping {unknown}
 E - 4 scrolls of teleportation {unknown}
 N - a scroll of silence {unknown}
 P - a scroll of fear {unknown}
Potions
 d - 6 potions of attraction
 g - a potion of magic
 m - a potion of brilliance
 n - 3 potions of haste
 t - a potion of degeneration {unknown}
 z - 2 potions of cancellation {unknown}
 D - a potion of might {unknown}
 G - a potion of flight {unknown}
 K - 3 potions of mutation {unknown}
Miscellaneous
 O - a phantom mirror


   Skills:
 + Level 5.2(10.2) Fighting
 - Level 12.0(17.0) Maces & Flails
 - Level 2.0(7.0) Throwing
 * Level 11.4(16.4) Armour
 + Level 4.8(9.8) Dodging
 * Level 7.5 Invocations


You had 10 spell levels left.
You didn't know any spells.
Your spell library contained the following spells:

 Spells                   Type           Power      Damage    Failure   Level
 Apportation              Tloc           0%         N/A       100%        1
 Beastly Appendage        Tmut           0%         N/A       100%        1
 Freeze                   Ice            0%         1d3       100%        1
 Ensorcelled Hibernation  Hex/Ice        0%         N/A       100%        2
 Static Discharge         Conj/Air       0%         N/A       100%        2
 Wereblood                Tmut           0%         N/A       100%        2
 Frozen Ramparts          Ice            0%         1d2       100%        3
 Spider Form              Tmut/Pois      0%         N/A       100%        3
 Airstrike                Air            0%         N/A       100%        4
 Dispel Undead            Necr           0%         3d6       100%        4
 Hailstorm                Conj/Ice       0%         3d3       100%        4
 Sticky Flame             Conj/Fire      0%         2d3       100%        4
 Lightning Bolt           Conj/Air       0%         1d11      100%        5
 Animate Skeleton         Necr           Unusable   N/A       N/A         1
 Summon Small Mammal      Summ           Unusable   N/A       N/A         1
 Summon Lightning Spire   Summ/Air       Unusable   N/A       N/A         4

Dungeon Overview and Level Annotations

Branches:
Dungeon (9/15)             Temple (1/1) D:7            Lair (1/6) D:8
 Bailey (visited)         Volcano (visited)
    Orc: D:9-12

Altars:
Ashenzari
Cheibriados
Dithmenos
Elyvilon
Gozag
Kikubaaqudgha
Makhleb
Nemelex Xobeh
Okawaru
Qazlal
Ru
Sif Muna
Trog
Uskayaw
Vehumet
Wu Jian
Xom
Yredelemnul
Zin
The Shining One

Shops:
D:5 *

Annotations:
D:7 2 transporters, exclusion: oklob plant, croobank's ghost, novice OgBe


Innate Abilities, Weirdness & Mutations

You cannot be hasted, slowed, berserked, paralysed or teleported.
You can dig through walls and to a lower floor.
You have a pair of large antennae on your head. (SInv)
Your four strong arms can wield two-handed weapons with a shield.
[Armour fits poorly on your strangely shaped body.]
[You are very frail. (-20% HP)]
[You sometimes lose the ability to read scrolls when taking damage.]


Message History

You barely miss the naga mage.
The naga mage is moderately wounded.
Unknown command.
You hit the guardian serpent but do no damage.
Lightning courses through the guardian serpent!
The guardian serpent is lightly wounded.
The brown very ugly thing headbutts you but does no damage.
Unknown command.
You hit the guardian serpent.
Lightning courses through the guardian serpent!
The guardian serpent is severely wounded.
The guardian serpent hits you but does no damage.
Unknown command.
You hit the guardian serpent but do no damage.
The guardian serpent is severely wounded.
The brown very ugly thing headbutts you but does no damage.
Unknown command.
You barely miss the guardian serpent.
The guardian serpent is severely wounded.
The guardian serpent hits you but does no damage.
The wretched star pulses with an eldritch light!
Your body twists and deforms.
Unknown command.
You hit the guardian serpent but do no damage.
The guardian serpent is heavily wounded.
The guardian serpent closely misses you.
The brown very ugly thing headbutts you but does no damage.
Unknown command.
You barely miss the guardian serpent.
The guardian serpent is heavily wounded.
The wretched star pulses with an eldritch light!
You feel frail. x2
The guardian serpent hits you.
* * * LOW HITPOINT WARNING * * *
Unknown command.
You closely miss the guardian serpent.
The guardian serpent is heavily wounded.
The brown very ugly thing headbutts you!
You feel threatened and lose the ability to read scrolls!
You die...

{ .. { . .
## .. # ###
. .. # ##..
# .. . {
###....##{{
##*..#.. {{
. ##Sx# . #
#@#N{ . ##
.N. . .##u#
.. #{ .. #
### # . . .
. # . . #.
. . . { ..
#. . .


You could see a brown very ugly thing, a wretched star, a guardian serpent and a
small abomination.

Vanquished Creatures
  A very ugly thing (Abyss:2)
  Harold (Lair:1)
  Urug (Lair:1)
  A wizard (Volcano)
  Pikel (D:5)
  An orc knight (Bailey)
  An ugly thing (Abyss:2)
  2 toenail golems (Volcano)
  5 cane toads
  A rime drake (Lair:1)
  Sigmund (D:6)
  A wyvern (D:8)
  6 yaks
  Eustachio (D:3)
  A basilisk (D:8)
  Duvessa (D:6)
  2 water moccasins
  A black bear (D:8)
  4 orc warriors (Bailey)
  A hornet zombie (D:5)
  An ice beast (D:5)
  A necrophage (D:5)
  2 ogres
  A centaur (D:7)
  A lemure (D:5)
  A phantom (D:6)
  2 bullfrogs
  A wyvern zombie (D:5)
  2 scorpions
  Dowan (D:6)
  A water moccasin skeleton (D:6)
  A howler monkey (D:7)
  2 centaur zombies (D:7)
  2 hounds (D:4)
  2 bullfrog zombies (D:5)
  4 orc priests
  An iron imp (Abyss:2)
  3 centaur skeletons
  An iguana (D:7)
  5 orc wizards
  Natasha (thrice) (D:2)
  2 howler monkey zombies
  Robin (D:4)
  7 gnolls
  2 howler monkey skeletons
  7 adders
  A shadow imp (D:6)
  A white imp (D:6)
  2 worms (D:2)
  3 dart slugs
  35 orcs
  9 ball pythons
  7 endoplasms
  4 giant cockroaches
  6 hobgoblins
  5 jackals (D:3)
  5 quokkas
  5 bats
  4 frilled lizards
  16 goblins
  3 kobolds
  25 rats
222 creatures vanquished.

Vanquished Creatures (others)
  2 goblins (D:3)
  A plant (Lair:1)
3 creatures vanquished.

Grand Total: 225 creatures vanquished

Notes
Turn   | Place    | Note
-------+----------+-------------------------------------------
     0 | D:1      | browni3141 the Formicid Gladiator began the quest for the
                  | Orb.
     0 | D:1      | Reached XP level 1. HP: 16/16 MP: 1/1
   182 | D:1      | Noticed an eye of devastation
   185 | D:1      | Found a faded altar of an unknown god.
   187 | D:1      | Noticed a great orb of eyes
   187 | D:1      | Noticed a great orb of eyes
   187 | D:1      | Noticed a golden eye
   208 | D:1      | Reached XP level 2. HP: 22/22 MP: 2/2
   759 | D:1      | Reached skill level 4 in Maces & Flails
   759 | D:1      | Reached XP level 3. HP: 27/27 MP: 3/3
  1504 | D:2      | Reached XP level 4. HP: 31/33 MP: 4/4
  1585 | D:2      | Noticed Natasha
  1601 | D:2      | Killed Natasha
  1602 | D:2      | Reached skill level 5 in Maces & Flails
  1969 | D:2      | Noticed Natasha
  1977 | D:2      | Killed Natasha
  1978 | D:2      | Reached XP level 5. HP: 38/38 MP: 5/5
  2454 | D:2      | Noticed Natasha
  2461 | D:2      | Killed Natasha
  2512 | D:3      | Reached skill level 6 in Maces & Flails
  2837 | D:3      | Reached XP level 6. HP: 41/44 MP: 6/6
  3522 | D:4      | Noticed Robin
  3813 | D:4      | Killed Robin
  3945 | D:4      | Noticed Eustachio
  3955 | D:4      | Noticed an ogre
  4227 | D:3      | Killed Eustachio
  4228 | D:3      | Reached skill level 7 in Maces & Flails
  4228 | D:3      | Reached XP level 7. HP: 34/50 MP: 7/7
  4947 | D:4      | Reached skill level 8 in Maces & Flails
  5034 | D:5      | Entered Level 5 of the Dungeon
  5042 | D:5      | Found Zin's Purification Station.
  5042 | D:5      | Found a glowing silver altar of Zin.
  5164 | D:5      | Reached skill level 1 in Armour
  5882 | D:6      | Reached XP level 8. HP: 20/56 MP: 8/8
  6323 | D:6      | Noticed Pikel
  6323 | D:6      | Noticed Duvessa
  6323 | D:6      | Noticed Dowan
  6358 | D:6      | Killed Duvessa
  6736 | D:5      | Killed Pikel
  6737 | D:5      | Reached skill level 9 in Maces & Flails
  6737 | D:5      | Reached skill level 5 in Armour
  6737 | D:5      | Reached XP level 9. HP: 40/61 MP: 9/9
  7280 | D:6      | Noticed Sigmund
  7302 | D:6      | Killed Sigmund
  7303 | D:6      | Reached skill level 10 in Maces & Flails
  7470 | D:6      | Found a snail-covered altar of Cheibriados.
  7491 | D:6      | Killed Dowan
  7576 | D:6      | Found a stormy altar of Qazlal.
  8850 | D:7      | Noticed an oklob plant
  8860 | D:7      | Found a transporter.
  8865 | D:7      | Noticed croobank's ghost (novice OgBe)
  8872 | D:7      | Noticed a troll
  9144 | D:7      | Found a transporter.
  9213 | D:7      | Reached skill level 11 in Maces & Flails
  9743 | D:7      | Identified the +4 quarterstaff "Siqihiug" {vorpal, rPois}
  9756 | D:7      | Found a staircase to the Ecumenical Temple.
  9765 | Temple   | Entered the Ecumenical Temple
 10001 | Temple   | Became a worshipper of Warmaster Okawaru
 10068 | D:7      | Reached XP level 10. HP: 62/67 MP: 10/10
 10643 | D:8      | Found a flagged portal.
 10677 | Bailey   | Entered a bailey
 11561 | Bailey   | Identified the amulet of Ullis {rPois rF+ rC- Regen+ rCorr}
 11848 | Bailey   | Noticed an orc knight
 12037 | Bailey   | Identified the +0 pair of gloves of Morality {Slay+3}
 12143 | Bailey   | Killed an orc knight
 12143 | Bailey   | Reached * piety under Okawaru
 12144 | Bailey   | Reached skill level 1 in Invocations
 12266 | D:8      | Found a staircase to the Lair.
 12364 | D:8      | Found a bloodstained altar of Trog.
 12506 | D:8      | Found a sacrificial altar of Ru.
 13176 | D:9      | Noticed a two-headed ogre
 13235 | Lair:1   | Entered Level 1 of the Lair of Beasts
 13286 | Lair:1   | Noticed a cane toad
 13314 | Lair:1   | Killed a cane toad
 13328 | Lair:1   | Noticed a cane toad
 13328 | Lair:1   | Noticed Urug
 13347 | D:8      | Killed a cane toad
 13347 | D:8      | Reached ** piety under Okawaru
 13383 | Lair:1   | Killed Urug
 13384 | Lair:1   | Reached skill level 12 in Maces & Flails
 13384 | Lair:1   | Reached XP level 11. HP: 49/75 MP: 11/14
 13415 | Lair:1   | Reached skill level 10 in Armour
 13431 | Lair:1   | Reached *** piety under Okawaru
 13435 | Lair:1   | Reached skill level 5 in Invocations
 13498 | Lair:1   | Noticed Harold
 13533 | Lair:1   | Killed Harold
 13588 | Lair:1   | Reached **** piety under Okawaru
 13612 | Lair:1   | Found a dark tunnel.
 13620 | Volcano  | Entered a volcano
 13624 | Volcano  | Noticed a toenail golem
 13624 | Volcano  | Noticed a wizard
 13624 | Volcano  | Noticed a toenail golem
 13641 | Volcano  | Killed a toenail golem
 13641 | Volcano  | Received a gift from Okawaru
 13646 | Volcano  | Killed a wizard
 13670 | Volcano  | Killed a toenail golem
 13677 | Volcano  | Noticed a wizard
 13691 | Volcano  | Cast into level 2 of the Abyss (a wizard)
 13910 | Abyss:2  | Noticed a brown very ugly thing
 13915 | Abyss:2  | Noticed a brown very ugly thing
 13946 | Abyss:2  | Killed a brown very ugly thing
 13946 | Abyss:2  | Noticed a brown ugly thing
 13947 | Abyss:2  | Reached skill level 5 in Fighting
 13952 | Abyss:2  | Noticed a wretched star
 13960 | Abyss:2  | Killed a brown ugly thing
 13969 | Abyss:2  | Slain by a brown very ugly thing

Illustrated notes

Levels and vault maps discovered:
D:1:      minmay_arrival_radiant_lines, layout_basic,
          hellmonk_ecumenical_altar_watching_god
D:2:      layout_rooms, minmay_bisected, uniq_natasha
D:3:      layout_loops_corners, minmay_rat_hole
D:4:      layout_rooms, minmay_door_square, grunt_decor_junction,
          corexii_checkpoint_b, minmay_misc_feat_chi, minmay_strange_pillars,
          hangedman_abyss_or_decor_stabs, kennysheep_generic_room_12,
          uniq_eustachio, uniq_robin
D:5:      layout_basic, zin_purify, palyth_stone_intersect
D:6:      layout_cave_pools, cheibriados_altar_1,
          nicolae_qazlal_general_emergency, uniq_sigmund, uniq_pikel,
          uniq_duvessa
D:7:      layout_basic, lemuel_temple_firewalk_b, nzn_ghost_randoct
D:8:      layout_basic, mainiacjoe_overflow_boulevard,
          mainiacjoe_overflow_alcove_1, david_lair_generic, enter_bailey_3,
          serial_bayou_pond_c
D:9:      layout_small_grid, mainiacjoe_overflow_swirl,
          nicolae_straight_to_the_point
Temple:   regret_index_temple_generic_petals
Lair:1:   layout_hall_layers, enter_volcano_1, lemuel_fruit_tree,
          lemuel_fruit_fields, uniq_urug, uniq_harold
Abyss:2:  base:
Lair:1
Volcano:  volcano_bunker

Skill      XL: |  1  2  3  4  5  6  7  8  9 10 11 |
---------------+----------------------------------+-----
Maces & Flails | 4 5 6 7 8 9 11 12 | 12.0
Armour         | 2 5 8 9 11 | 11.4
Invocations    | 4 7 |  7.5
Dodging        | 3 4 |  4.8
Fighting       | 3 5 |  5.2
Throwing       | |  2.0

Action                   |  1- 3 |  4- 6 |  7- 9 | 10-12 || total
-------------------------+-------+-------+-------+-------++-------
Melee: Flail             |    99 |   198 |   155 |       ||   452
       Whip              |       |       |   186 |   425 ||   611
       Halberd           |       |       |       |     2 ||     2
       Punch             |       |       |       |     5 ||     5
Throw: Throwing net      |     1 |       |     4 |     4 ||     9
Invok: Heroism           |       |       |       |     5 ||     5
       Finesse           |       |       |       |     1 ||     1
 Abil: Dig               |       |     2 |     4 |     5 ||    11
  Use: Scroll            |       |       |     5 |     7 ||    12
       Potion            |       |       |       |     4 ||     4
 Stab: Held in net/web   |       |       |     2 |       ||     2
Armor: Leather armour    |    16 |       |       |       ||    16
       Scale mail        |     8 |    76 |   101 |    26 ||   211
       Plate armour      |       |       |    10 |       ||    10
       Crystal plate arm |       |       |       |   102 ||   102
Dodge: Dodged            |    55 |   113 |   142 |    76 ||   386

Table legend: (Time is in decaauts)
 A = Elapsed time spent in this place.
 B = Non-inter-level travel time spent in this place.
 C = Inter-level travel time spent in this place.
 D = Time resting spent in this place.
 E = Time spent auto-exploring this place.
 F = Levels seen in this place.
 G = Mean time per level.
                   A        B        C        D        E       F      G
               +--------+--------+--------+--------+--------+-----+--------+
         Total |  13749 |  13144 |    605 |   2953 |   7092 |  14 |  982.1 |
       Dungeon |  11405 |  10856 |    549 |   2445 |   6412 |   9 | 1267.2 |
        Temple |    260 |    204 |     56 |      0 |    199 |   1 |  260.0 |
          Lair |    334 |    334 |      0 |      0 |     61 |   1 |  334.0 |
         Abyss |    252 |    252 |      0 |     85 |      0 |   1 |  252.0 |
        Bailey |   1466 |   1466 |      0 |    423 |    420 |   1 | 1466.0 |
       Volcano |     29 |     29 |      0 |      0 |      0 |   1 |   29.0 |
               +--------+--------+--------+--------+--------+-----+--------+

Top non-repeatable levels by time:
     D:5: 1747 daAuts
     D:3: 1731 daAuts
     D:7: 1493 daAuts
  Bailey: 1466 daAuts
     D:6: 1394 daAuts
     D:1: 1309 daAuts
     D:4: 1279 daAuts
     D:8: 1226 daAuts
     D:2: 1170 daAuts
  Lair:1: 334 daAuts
  Temple: 260 daAuts
 Abyss:2: 252 daAuts
     D:9: 53 daAuts
 Volcano: 29 daAuts
